 Dungeon Crawl Stone Soup version 0.20-a0-1034-gb277f92 (webtiles) character file.

346828 erloom the Impregnable (level 21, -15/207 HPs)
             Began as a Minotaur Fighter on Apr 16, 2017.
             Was the Champion of Okawaru.
             Killed from afar by a crystal guardian (57 damage)
             ... with a crystal bolt
             ... on level 3 of the Depths on Apr 21, 2017.
             The game lasted 03:09:51 (44178 turns).

erloom the Impregnable (Minotaur Fighter)          Turns: 44178, Time: 03:09:52

Health: -15/207    AC: 34    Str: 32    XL:     21   Next: 20%
Magic:  0/27       EV:  8    Int:  6    God:    Okawaru [******]
Gold:   1229       SH: 25    Dex: 10    Spells: 20/20 levels left

rFire    . . .     SeeInvis .   C - +8 mithril axe "Arga" {speed, MR+}
rCold    . . .     Gourm    .   Y - +0 large shield {reflect}
rNeg     . . .     Faith    .   D - +3 plate armour {MR+}
rPois    +         Spirit   +   L - +2 hat {MR+}
rElec    .         Reflect  +   R - +1 cloak {+Inv}
rCorr    .         Harm     .   K - +0 pair of gloves of Honesty {-Cast +Fly Str+4}
MR       +++++     NoCast   +   H - +2 pair of boots {run}
Stlth    ..........             M - amulet of guardian spirit
Regen    0.5/turn               O - ring of poison resistance
MPRegen  0.2/turn               y - ring of protection from magic

@: about to teleport, finesse, quick
A: retaliatory headbutt, horns 2, dopey 1
}: 2/15 runes: decaying, serpentine
a: Heroism, Finesse, Renounce Religion, Evoke Invisibility, Evoke Flight


You were on level 3 of the Depths.
You worshipped Okawaru.
Okawaru was exalted by your worship.
You were not hungry.

You visited 8 branches of the dungeon, and saw 38 of its levels.
You visited 1 bazaar.
You also visited: Sewer and Bailey.

You collected 3902 gold pieces.
You spent 2673 gold pieces at shops.

Inventory:

Hand Weapons
 b - the +3 war axe of the Final Chapter {venom, Int+7}
   (Okawaru gifted it to you on level 1 of the Elven Halls)

   It poisons the flesh of those it strikes.
   It affects your intelligence (+7).
 q - the +6 broad axe of Analysis {chop, Str+5 Int-4 Dex+2}
   (Okawaru gifted it to you on level 1 of the Depths)

   It inflicts extra damage upon your enemies.
   It affects your strength (+5).
   It affects your intelligence (-4).
   It affects your dexterity (+2).
 t - the +11 broad axe "Lonaffeal" {vamp, rElec rC+ Str+3}
   (Okawaru gifted it to you on level 3 of the Lair of Beasts)

   It inflicts no extra harm, but heals its wielder when it wounds a living foe.
   It affects your strength (+3).
   It protects you from cold.
   It insulates you from electricity.
 C - the +8 mithril axe "Arga" (weapon) {speed, MR+}
   (You found it on level 2 of the Depths)

   Attacks with this weapon are significantly faster.
   It affects your resistance to hostile enchantments.
Missiles
 v - 265 bolts
 I - 1101 arrows
 S - 4 throwing nets (quivered)
Armour
 p - a scarf of spirit shield
 D - a +3 plate armour of magic resistance (worn)
 H - a +2 pair of boots of running (worn)
 K - the +0 pair of gloves of Honesty (worn) {-Cast +Fly Str+4}
   (Okawaru gifted it to you on level 2 of the Lair of Beasts)

   It affects your strength (+4).
   It lets you fly.
   It prevents spellcasting.
 L - a +2 hat of magic resistance (worn)
 Q - a +0 pair of boots
 R - a +1 cloak of invisibility (worn)
 Y - a +0 large shield of reflection (worn)
Jewellery
 i - an uncursed ring of see invisible
 y - a ring of protection from magic (right hand)
 F - an uncursed ring of resist corrosion
 M - an amulet of guardian spirit (around neck)
 N - the amulet of Xom's Bemusement {Faith *Drain rElec Str+3 Int+6}
   (You found it on level 3 of the Depths)

   [amulet of faith]

   It allows you to gain divine favour quickly.
   It affects your strength (+3).
   It affects your intelligence (+6).
   It insulates you from electricity.
   It causes draining when unequipped.
 O - a ring of poison resistance (left hand)
Wands
 k - a wand of disintegration (12/24)
 n - a wand of confusion (25/48)
 z - a wand of digging (0/24)
 E - a wand of iceblast (2/15)
 P - a wand of lightning (5/15)
 X - a wand of iceblast (8/15)
Scrolls
 j - 6 scrolls of fog
 s - 8 scrolls of identify
 u - 6 scrolls of remove curse
 x - 9 scrolls of teleportation
 A - 2 scrolls of recharging
 G - 4 scrolls of amnesia
 J - 6 scrolls of fear
 V - 2 scrolls of holy word
Potions
 a - 2 potions of agility
 c - 3 potions of ambrosia
 e - 3 potions of flight
 h - 10 potions of heal wounds
 l - 3 potions of resistance
 m - 3 potions of berserk rage
 o - 3 potions of haste
 r - 7 potions of cancellation
 w - 12 potions of curing
 Z - 3 potions of might
Books
 B - a book of Unlife

   Spells                             Type                      Level
   a - Recall                         Summoning/Translocation      3
   b - Animate Dead                   Necromancy                   4
   c - Control Undead                 Necromancy                   4
   d - Cigotuvi's Embrace             Necromancy                   5
   e - Death Channel                  Necromancy                   6
   f - Simulacrum                     Ice/Necromancy               6
Miscellaneous
 g - a phial of floods
Comestibles
 d - 3 royal jellies
 f - 9 bread rations
 U - 2 meat rations
 W - 2 chunks of flesh


   Skills:
 * Level 22.1 Fighting
 - Level 17.3(18.0) Axes
   Level 9.0(14.2) Polearms
 + Level 22.3 Armour
 + Level 20.7 Shields
 - Level 10.1 Invocations
 - Level 10.2 Evocations


You had 20 spell levels left.
You didn't know any spells.

Dungeon Overview and Level Annotations

Branches:
Dungeon (15/15)            Temple (1/1) D:5            Lair (6/6) D:8
  Swamp (4/4) Lair:2        Snake (4/4) Lair:4        Slime (0/5) Lair:6
    Orc (2/2) D:10            Elf (3/3) Orc:2        Vaults (0/5) D:14
 Depths (3/5) D:15

Altars:
Ashenzari
Cheibriados
Dithmenos
Elyvilon
Fedhas
Gozag
Hepliaklqana
Kikubaaqudgha
Makhleb
Nemelex Xobeh
Okawaru
Qazlal
Ru
Sif Muna
Trog
Uskayaw
Vehumet
Wu Jian
Xom
Yredelemnul
Zin
The Shining One
Beogh
Jiyva

Shops:
D:7 *   Orc:2 *[:(   Snake:1 [!??*   Depths:2 (

Portals:
Hell: Depths:1 Depths:2
Abyss: Depths:1 Depths:2
Pandemonium: Depths:1


Innate Abilities, Weirdness & Mutations

You reflexively headbutt those who attack you in melee.
You have a pair of horns on your head.
You are dopey. (Int -2)


Message History

The crystal guardian glitters, brittle, in the dim dungeon light.
The crystal guardian fires a crystalline bolt at you.
The crystal bolt freezes you!
* * * LOW HITPOINT WARNING * * *
You feel much better.
The crystal guardian glitters, brittle, in the dim dungeon light.
You block the crystal guardian's attack.
You hit the crystal guardian but do no damage.
The crystal guardian is heavily damaged.
You slice the crystal guardian!!
You headbutt the crystal guardian, but do no damage.
The crystal guardian is almost destroyed.
You completely miss the crystal guardian.
You headbutt the crystal guardian!
You destroy the crystal guardian!
Okawaru accepts your kill.
The storm dragon changes into something you cannot see!
The crystal guardian fires a crystalline bolt at you.
The crystal bolt burns you!
You die...

......# ##....##
##≈§#.....##
#.....## ##....##
##≈≈###.....##
##.....####....##
##≈≈## ##.....#
##.....##....##
##≈≈..####.....#
##....##...##
#≈≈./8<##.....##
##....)).##
##≈≈######.....##
######### ##≈≈#
###....####
###≈≈####...####
#8..@......##
#.########## #§#
#D# 8O. *.v.§
§.8..C. ........H
...........


You could see a crystal guardian.

Vanquished Creatures
  Mara (Snake:4)
  the Lernaean hydra (Swamp:4)
  Bai Suzhen (Swamp:3)
  Jorgrun (Swamp:4)
  3 liches (Depths:2)
  Rupert (D:12)
  A deep elf blademaster (Elf:2)
  A titan (Depths:2)
  Frances (Swamp:1)
  Agnes (Snake:1)
  Gastronok (Lair:3)
  Kirke (D:12)
  3 thorn hunters
  Roxanne (Snake:2)
  A tengu reaver (Depths:1)
  10 nagarajas
  2 frost giants
  2 fire giants (Depths:2)
  A cacodemon (Depths:1)
  4 deep elf elementalists (Elf:3)
  2 orc warlords (Orc:2)
  Louise (Snake:1)
  6 deep elf sorcerers (Elf:3)
  A spriggan defender (Depths:2)
  4 war gargoyles
  A vampire knight (Depths:2)
  2 stone giants
  The ghost of 4thArraOfDagon the Arsonist, a journeyman BaFE of Cheibriados (Orc:2)
  4 deep elf demonologists
  12 very ugly things
  6 deep elf annihilators
  A dire elephant (Lair:6)
  2 fire dragons
  A crystal guardian (Depths:3)
  2 ettins
  Josephine (D:15)
  2 deep elf death magi
  4 deep elf high priests (Elf:3)
  A yaktaur captain (Depths:2)
  2 rakshasas
  3 ice dragons
  Harold (Lair:4)
  2 great orbs of eyes (Depths:2)
  27 hydras
  19 naga warriors
  Fannar (D:12)
  2 ghost crabs (Swamp:3)
  3 catoblepae
  8 anacondas
  A spriggan air mage (Depths:2)
  15 alligators
  2 ogre magi (D:15)
  12 two-headed ogres
  29 dancing weapons
  5 deep troll shamans
  4 centaur warriors
  4 death yaks
  4 deep troll earth magi
  2 spriggan berserkers (Depths:2)
  11 tengu warriors
  12 naga sharpshooters
  4 vampire magi
  8 shock serpents
  4 orc high priests (Orc:2)
  Sonja (Lair:3)
  A fire crab (shapeshifter) (D:14)
  A soul eater (Depths:1)
  3 salamander mystics
  19 deep elf knights
  16 deep trolls
  3 wizards
  2 glowing orange brains (Depths:3)
  2 sea snakes
  A hell knight (Depths:2)
  3 spriggan druids
  12 swamp dragons
  3 unseen horrors
  4 naga ritualists
  9 deep elf archers
  2 lindwurms (Lair:6)
  A phantasmal warrior (D:14)
  5 orc knights
  2 shambling mangroves
  A necromancer (D:15)
  An orb spider (shapeshifter) (Depths:1)
  4 cyclopes
  12 ugly things
  40 deep elf magi
  8 orc sorcerers
  3 mana vipers
  A glowing shapeshifter (Depths:3)
  7 salamanders
  11 elephants (Lair:6)
  3 manticores
  2 molten gargoyles (Depths:3)
  33 naga magi
  An orange demon (Depths:1)
  2 guardian serpents (Snake:4)
  Psyche (D:12)
  4 gargoyles
  A rust devil (Depths:1)
  A smoke demon (Depths:1)
  A spiny frog (shapeshifter) (Depths:3)
  31 black mambas
  13 spiny frogs
  5 centaur skeletons
  A small abomination (Elf:3)
  4 torpor snails
  4 kobold demonologists
  4 rime drakes
  8 komodo dragons
  5 yaktaurs
  A tengu conjurer (Depths:1)
  The ghost of mopl the Sneak, a novice DEAs (D:5)
  A polar bear (Lair:5)
  7 trolls
  16 hornets
  4 tyrant leeches
  2 wind drakes (Depths:3)
  15 blink frogs
  11 dream sheep
  A slime creature (shapeshifter) (Depths:2)
  30 slime creatures
  13 hippogriffs
  8 bog bodies
  2 centaur simulacra (D:15)
  A shadow (D:14)
  7 wraiths
  A tarantella (shapeshifter) (Depths:2)
  9 spriggans
  5 air elementals
  32 yaks
  7 fire elementals
  A human (D:12)
  5 hogs (D:12)
  2 wyverns
  7 basilisks
  12 water elementals
  A fire bat (shapeshifter) (Depths:3)
  22 vampire mosquitoes
  A steam dragon (D:14)
  2 hungry ghosts
  A chaos spawn (Depths:1)
  48 nagas
  24 swamp worms
  3 wargs (Orc:1)
  23 insubstantial wisps
  3 acid dragons
  A water moccasin (shapeshifter) (Depths:2)
  9 porcupines
  14 water moccasins
  59 orc warriors
  3 black bears
  2 necrophages (D:5)
  11 ogres
  14 swamp drakes
  4 ice beasts
  A sky beast (D:9)
  3 boggarts (Depths:1)
  A phantom (D:10)
  14 wolves
  11 centaurs
  12 crocodiles
  10 big kobolds
  22 bullfrogs
  10 earth elementals
  A wyvern skeleton (D:12)
  A scorpion (shapeshifter) (Depths:2)
  3 scorpions
  3 howler monkeys
  3 wights
  6 electric eels
  10 crimson imps
  3 jellies
  3 centaur zombies
  10 hounds
  A quasit (D:10)
  3 bullfrog zombies (D:12)
  29 orc priests
  A bullfrog skeleton (D:9)
  35 orc wizards
  Natasha (thrice) (D:4)
  5 iguanas
  12 worker ants
  A hound zombie (D:7)
  2 hound skeletons
  A worker ant zombie (D:7)
  2 howler monkey skeletons
  11 gnolls
  11 adders
  2 river rats (Sewer)
  4 shadow imps
  A white imp (Depths:2)
  8 oozes
  An adder skeleton (D:8)
  An adder zombie (D:7)
  20 worms
  2 dart slugs
  4 leopard geckos
  139 orcs
  5 giant cockroaches
  13 goblins
  2 hobgoblins
  6 jackals
  3 quokkas
  2 ball pythons
  6 bats
  2 frilled lizards
  A jackal zombie (D:8)
  37 kobolds
  2 leopard gecko skeletons (D:4)
  2 leopard gecko zombies
  2 quokka skeletons
  14 rats
  A spectral orc (D:4)
  9 briar patches (Swamp:4)
  A crawling corpse (Elf:3)
  3 fungi
  4 plants (Lair:6)
1566 creatures vanquished.

Vanquished Creatures (others)
  Vashnia (Snake:4)
  A deep elf master archer (Elf:3)
  A naga sharpshooter (Snake:2)
  A deep elf knight (Elf:2)
  A deep elf archer (Elf:2)
  2 naga magi
  A wind drake (Depths:3)
  A human (D:12)
  A water elemental (Depths:3)
  A swamp worm (Swamp:4)
  A centaur (D:13)
  An electric eel (D:12)
  A worm (D:4)
  9 ball lightnings (Depths:3)
  2 briar patches (Swamp:4)
  9 fungi
  11 plants
45 creatures vanquished.

Grand Total: 1611 creatures vanquished

Notes
Turn   | Place    | Note
-------+----------+-------------------------------------------
     0 | D:1      | erloom the Minotaur Fighter began the quest for the Orb.
     0 | D:1      | Reached XP level 1. HP: 19/19 MP: 0/0
   146 | D:1      | Reached XP level 2. HP: 27/27 MP: 1/1
   612 | D:2      | Reached XP level 3. HP: 27/34 MP: 2/2
  1297 | D:3      | Reached XP level 4. HP: 40/41 MP: 3/3
  1301 | D:3      | Found a glowing drain.
  1347 | Sewer    | Entered a sewer
  1404 | Sewer    | Reached skill level 5 in Fighting
  1623 | Sewer    | Noticed a big kobold
  1648 | Sewer    | Killed a big kobold
  1648 | Sewer    | Reached skill level 5 in Axes
  1648 | Sewer    | Reached XP level 5. HP: 40/50 MP: 4/4
  1883 | Sewer    | Reached XP level 6. HP: 57/57 MP: 5/5
  2457 | D:3      | Found an ancient bone altar of Kikubaaqudgha.
  2731 | D:3      | HP: 1/58 [iguana (6)]
  2935 | D:4      | Found a shimmering altar of Xom.
  2965 | D:4      | Noticed Natasha
  3111 | D:4      | Found a snail-covered altar of Cheibriados.
  3114 | D:4      | Found an ornate altar of the Wu Jian Council.
  3115 | D:4      | Found a hazy altar of Hepliaklqana.
  3247 | D:4      | Reached XP level 7. HP: 66/66 MP: 6/6
  3258 | D:4      | Killed Natasha
  3262 | D:4      | Noticed Natasha
  3267 | D:4      | Killed Natasha
  3276 | D:4      | Noticed Natasha
  3284 | D:4      | Killed Natasha
  3380 | D:4      | Found a basalt altar of Yredelemnul.
  3491 | D:5      | Entered Level 5 of the Dungeon
  3973 | D:5      | Noticed mopl's ghost (novice DEAs)
  3990 | D:5      | Killed mopl's ghost
  3990 | D:5      | Reached XP level 8. HP: 70/76 MP: 7/7
  4102 | D:5      | Found a staircase to the Ecumenical Temple.
  4110 | Temple   | Entered the Ecumenical Temple
  4148 | Temple   | Became a worshipper of Warmaster Okawaru
  5004 | D:6      | Reached * piety under Okawaru
  5183 | D:7      | Reached skill level 10 in Fighting
  5237 | D:6      | Reached skill level 10 in Axes
  5482 | D:7      | Found Laymoe's Assorted Antiques.
  5488 | D:7      | Reached XP level 9. HP: 84/84 MP: 8/8
  5652 | D:7      | Reached ** piety under Okawaru
  5657 | D:7      | Reached skill level 5 in Shields
  5864 | D:7      | Found a deep blue altar of Sif Muna.
  5871 | D:7      | Reached skill level 5 in Armour
  5872 | D:7      | Found a shattered altar of Ashenzari.
  6248 | D:7      | Found a bloodstained altar of Trog.
  6402 | D:7      | Found a white marble altar of Elyvilon.
  6404 | D:7      | Found a glowing golden altar of the Shining One.
  6421 | D:7      | Found a radiant altar of Vehumet.
  6541 | D:8      | Found a glowing silver altar of Zin.
  6743 | D:8      | Reached *** piety under Okawaru
  6856 | D:8      | Found a sacrificial altar of Ru.
  6963 | D:8      | Got a crystal spear
  7010 | D:8      | Identified the +5 spear of Laceration {freeze, rN++ Int+2} (You found it on level 8 of the Dungeon)
  7018 | D:8      | Found a staircase to the Lair.
  7423 | D:9      | Noticed a troll
  7431 | D:9      | Killed a troll
  7664 | D:9      | Noticed a two-headed ogre
  7678 | D:9      | Killed a two-headed ogre
  7678 | D:9      | Reached **** piety under Okawaru
  7678 | D:9      | Reached XP level 10. HP: 63/95 MP: 6/9
  8198 | D:10     | Entered Level 10 of the Dungeon
  8296 | D:9      | Reached ***** piety under Okawaru
  8691 | D:10     | Noticed an unseen horror
  8701 | D:10     | Killed an unseen horror
  8718 | D:10     | Received a gift from Okawaru
  9094 | Lair:1   | Entered Level 1 of the Lair of Beasts
  9103 | Lair:1   | Reached skill level 5 in Polearms
  9152 | Lair:1   | Noticed a black mamba
  9171 | Lair:1   | Killed a black mamba
  9171 | Lair:1   | Reached XP level 11. HP: 62/103 MP: 10/10
  9530 | Lair:1   | Noticed a five-headed hydra
  9545 | Lair:1   | Killed a five-headed hydra
  9634 | Lair:1   | Noticed a four-headed hydra
  9644 | Lair:1   | Killed a four-headed hydra
  9644 | Lair:1   | Received a gift from Okawaru
 10061 | Lair:1   | Reached ****** piety under Okawaru
 10247 | Lair:2   | Reached skill level 10 in Shields
 10493 | Lair:2   | Found a staircase to the Swamp.
 10508 | Lair:2   | Received a gift from Okawaru
 10509 | Lair:2   | Got a pair of twisted gloves {god gift}
 10519 | Lair:2   | Identified the +0 pair of gloves of Honesty {-Cast +Fly Str+4} (Okawaru gifted it to you on level 2 of the Lair of Beasts)
 10555 | Lair:2   | Reached skill level 10 in Armour
 11377 | Lair:3   | Noticed Gastronok
 11394 | Lair:3   | Killed Gastronok
 11394 | Lair:3   | Reached XP level 12. HP: 51/115 MP: 11/11
 11770 | Lair:3   | Noticed an eight-headed hydra
 11780 | Lair:3   | Killed an eight-headed hydra
 11780 | Lair:3   | Received a gift from Okawaru
 11887 | Lair:3   | Reached skill level 1 in Evocations
 12297 | Lair:4   | Found a staircase to the Snake Pit.
 12297 | Lair:4   | Noticed Sonja
 12332 | Lair:3   | Killed Sonja
 12499 | Lair:4   | Noticed a six-headed hydra
 12517 | Lair:3   | Killed a six-headed hydra
 12517 | Lair:3   | Received a gift from Okawaru
 12614 | Lair:3   | Got a scorched broad axe {god gift}
 12617 | Lair:3   | Identified the +11 broad axe "Lonaffeal" {vamp, rElec rC+ Str+3} (Okawaru gifted it to you on level 3 of the Lair of Beasts)
 12829 | Lair:4   | Noticed a six-headed hydra
 12847 | Lair:4   | Killed a nine-headed hydra
 12921 | Lair:4   | Noticed Harold
 12992 | Lair:4   | Killed Harold
 13048 | Lair:4   | Got a translucent hunting sling
 13065 | Lair:4   | Received a gift from Okawaru
 13525 | Lair:5   | Reached XP level 13. HP: 116/124 MP: 15/15
 14012 | D:10     | Found a staircase to the Orcish Mines.
 14020 | Orc:1    | Entered Level 1 of the Orcish Mines
 14176 | Orc:2    | Entered Level 2 of the Orcish Mines
 14181 | Orc:2    | Noticed 4thArraOfDagon's ghost (journeyman BaFE)
 14208 | Orc:2    | Killed 4thArraOfDagon's ghost
 15223 | Orc:2    | Found a staircase to the Elven Halls.
 15303 | Orc:2    | Found a burning altar of Makhleb.
 15310 | Orc:2    | Noticed a stone giant
 15322 | Orc:2    | Killed a stone giant
 15572 | Orc:2    | Received a gift from Okawaru
 15572 | Orc:2    | Reached skill level 5 in Evocations
 15664 | Orc:2    | Noticed an orc warlord
 15687 | Orc:2    | Killed an orc warlord
 16239 | Orc:2    | Found Mossialu's General Store.
 16271 | Orc:2    | Found Roukung's Antique Armour Shop.
 16272 | Orc:2    | Found Xale's Antique Weapon Boutique.
 16273 | Orc:2    | Found Justefo's Book Shop.
 16404 | Orc:1    | Noticed an orc warlord
 16626 | Orc:2    | Killed an orc warlord
 16626 | Orc:2    | Received a gift from Okawaru
 16914 | D:8      | Reached skill level 15 in Fighting
 17091 | Lair:5   | Reached XP level 14. HP: 135/135 MP: 17/17
 17824 | Lair:6   | Entered Level 6 of the Lair of Beasts
 17890 | Lair:6   | Found a viscous altar of Jiyva.
 17891 | Lair:6   | Found a staircase to the Slime Pits.
 18520 | Lair:6   | Received a gift from Okawaru
 18528 | Lair:6   | Got a crystal glaive {god gift}
 18939 | Lair:6   | Received a gift from Okawaru
 19373 | Lair:6   | Got a faintly humming scale mail {god gift}
 19644 | Lair:6   | Got a polished great sword
 20212 | Lair:1   | Identified the +1 scale mail "Ybingis" {rElec rPois rF- Dex+3} (Okawaru gifted it to you on level 6 of the Lair of Beasts)
 20254 | Lair:1   | Identified the +3 great sword of Qagom {slice, +Blink +Inv rN+ MR+} (You found it on level 6 of the Lair of Beasts)
 20255 | Lair:1   | Identified the +5 glaive of Fury {venom, rF+} (Okawaru gifted it to you on level 6 of the Lair of Beasts)
 20256 | Lair:1   | Identified the cursed +3 hunting sling "Kuahock" {velocity, Str+4} (You found it on level 4 of the Lair of Beasts)
 21034 | D:12     | Noticed Kirke
 21045 | D:12     | Killed Kirke
 21045 | D:12     | Received a gift from Okawaru
 21045 | D:12     | Reached XP level 15. HP: 143/143 MP: 19/19
 21369 | D:12     | Noticed Rupert
 21376 | D:12     | Killed Rupert
 21586 | D:12     | Received a gift from Okawaru
 21587 | D:12     | Got a transparent hand axe {god gift}
 21605 | D:12     | Noticed Fannar
 21611 | D:12     | Killed Fannar
 21691 | D:12     | Noticed Psyche
 21697 | D:12     | Killed Psyche
 21995 | D:13     | Found a flagged portal.
 22005 | Bailey   | Entered a bailey
 23369 | D:14     | Found a gate to the Vaults.
 23432 | D:14     | Got a faintly humming scale mail
 23619 | D:14     | Received a gift from Okawaru
 23868 | D:15     | Entered Level 15 of the Dungeon
 23899 | D:15     | Reached skill level 1 in Invocations
 23945 | D:14     | Reached skill level 15 in Armour
 23960 | D:14     | Reached skill level 15 in Shields
 24116 | D:15     | Received a gift from Okawaru
 24156 | D:15     | Reached XP level 16. HP: 151/152 MP: 21/21
 24162 | D:15     | Reached skill level 15 in Axes
 24171 | D:15     | Found a flickering gateway to a bazaar.
 24181 | Bazaar   | Entered a bazaar
 24181 | Bazaar   | Found Bumoy's General Store.
 24186 | Bazaar   | Found Xett's Antique Armour Boutique.
 24189 | Bazaar   | Bought a potion of heal wounds for 50 gold pieces
 24189 | Bazaar   | Bought a potion of curing for 30 gold pieces
 24193 | Bazaar   | Found Qageroys's Distillery.
 24203 | Bazaar   | Bought a potion of heal wounds for 55 gold pieces
 24203 | Bazaar   | Bought a potion of curing for 33 gold pieces
 24203 | Bazaar   | Bought a potion of heal wounds for 55 gold pieces
 24220 | Bazaar   | Found Syih's Book Shoppe.
 24227 | Bazaar   | Found Vefauf's General Store.
 24233 | Bazaar   | Bought a scroll of remove curse for 33 gold pieces
 24238 | Bazaar   | Bought a manual of Armour for 1545 gold pieces
 24266 | D:15     | Got a shimmering mace
 24339 | D:15     | Noticed Josephine
 24351 | D:15     | Killed Josephine
 24402 | D:15     | Found a staircase to the Depths.
 24436 | D:15     | Received a gift from Okawaru
 24629 | D:15     | Found a roughly hewn altar of Beogh.
 25163 | Lair:1   | Identified the cursed +1 mace "Hoanud" {freeze, rF+ rC+ Int+3 Dex-2} (You found it on level 15 of the Dungeon)
 25174 | Lair:1   | Identified the +5 scale mail "Imaoteno" {Int+4} (You found it on level 14 of the Dungeon)
 25183 | Lair:1   | Identified the +8 hand axe of Sidajuk {chop, rF+ Str+3 Dex+2} (Okawaru gifted it to you on level 12 of the Dungeon)
 25324 | Snake:1  | Entered Level 1 of the Snake Pit
 25329 | Snake:1  | Found Qivagh's Assorted Antiques.
 25340 | Snake:1  | Bought a scroll of identify for 72 gold pieces
 25340 | Snake:1  | Bought a scroll of identify for 72 gold pieces
 25450 | Snake:1  | Found Rudeh's Magic Scroll Shop.
 25456 | Snake:1  | Found Onadena's Magic Scroll Shop.
 25578 | Snake:1  | Found Afaxt's Armour Emporium.
 25621 | Snake:1  | Noticed Louise
 25636 | Snake:1  | Killed Louise
 25636 | Snake:1  | Received a gift from Okawaru
 25855 | Snake:1  | Found Owaemig's Distillery.
 26205 | Snake:1  | Bought a scroll of acquirement for 728 gold pieces
 26894 | Snake:2  | Noticed Agnes
 26915 | Snake:1  | Killed Agnes
 26946 | Snake:2  | Received a gift from Okawaru
 26970 | Snake:2  | Got a fine arbalest {god gift}
 27042 | Snake:1  | Identified the +7 arbalest "Testudine's Peril" {elec, +Blink rElec rC+++ MR-} (Okawaru gifted it to you on level 2 of the Snake Pit)
 27198 | Snake:2  | Noticed Roxanne
 27221 | Snake:2  | Killed Roxanne
 27222 | Snake:2  | Identified Roxanne's Incunabulum of Transmigration (You took it off Roxanne on level 2 of the Snake Pit)
 27654 | Snake:3  | Reached skill level 5 in Invocations
 28003 | Snake:3  | Reached skill level 10 in Evocations
 28188 | Snake:3  | Received a gift from Okawaru
 28219 | Snake:4  | Entered Level 4 of the Snake Pit
 28275 | Snake:4  | Reached XP level 17. HP: 160/162 MP: 10/23
 28369 | Snake:4  | Noticed Mara
 28385 | Snake:4  | Noticed erloom's illusion
 28421 | Snake:4  | Noticed erloom's illusion
 28446 | Snake:4  | Killed Mara
 29213 | Snake:4  | Received a gift from Okawaru
 29266 | Snake:4  | Noticed Vashnia
 29345 | Snake:4  | Killed Vashnia
 29795 | Snake:4  | Received a gift from Okawaru
 29942 | Snake:4  | Upgraded the game from 0.20-a0-1017-gc3250ce to 0.20-a0-1018-ge435b50
 30203 | Snake:4  | Got a serpentine rune of Zot
 30293 | Snake:4  | Reached XP level 18. HP: 172/172 MP: 22/24
 30644 | Swamp:1  | Entered Level 1 of the Swamp
 30674 | Swamp:1  | Noticed Frances
 30689 | Swamp:1  | Killed Frances
 31242 | Swamp:1  | Received a gift from Okawaru
 32296 | Swamp:3  | Noticed Bai Suzhen
 32318 | Swamp:3  | Killed Bai Suzhen
 32343 | Swamp:3  | Received a gift from Okawaru
 33144 | Swamp:4  | Entered Level 4 of the Swamp
 33335 | Swamp:4  | Noticed the 27-headed Lernaean hydra
 33376 | Swamp:3  | Received a gift from Okawaru
 33511 | Swamp:4  | Noticed Jorgrun
 33563 | Swamp:4  | Killed the 26-headed Lernaean hydra
 33933 | Swamp:4  | Got a decaying rune of Zot
 34021 | Swamp:4  | Reached skill level 10 in Invocations
 34041 | Swamp:4  | Killed Jorgrun
 34041 | Swamp:4  | Reached XP level 19. HP: 182/182 MP: 20/25
 34232 | Swamp:4  | Identified the Collected Works on Hexes
 34982 | Elf:1    | Entered Level 1 of the Elven Halls
 35031 | Elf:1    | Received a gift from Okawaru
 35043 | Elf:1    | Got a scorched war axe {god gift}
 36237 | Elf:2    | Received a gift from Okawaru
 36802 | Elf:2    | Found a huge runed gate.
 36802 | Elf:2    | Found a huge runed gate.
 36803 | Elf:2    | Found a huge runed gate.
 36812 | Elf:2    | Found a huge runed gate.
 36815 | Elf:2    | Found a huge runed gate.
 37001 | Elf:2    | Noticed a Tzitzimitl
 37638 | Elf:3    | Entered Level 3 of the Elven Halls
 37871 | Elf:3    | Noticed a Tzitzimitl
 37944 | Elf:3    | Noticed a Tzitzimitl
 38546 | Elf:3    | Received a gift from Okawaru
 39360 | Elf:3    | Reached XP level 20. HP: 153/193 MP: 12/26
 40007 | Lair:1   | Identified the +3 war axe of the Final Chapter {venom, Int+7} (Okawaru gifted it to you on level 1 of the Elven Halls)
 40237 | Depths:1 | Entered Level 1 of the Depths
 40399 | Depths:1 | Received a gift from Okawaru
 40423 | Depths:1 | Got a crude broad axe {god gift}
 40424 | Depths:1 | Identified the +6 broad axe of Analysis {chop, Str+5 Int-4 Dex+2} (Okawaru gifted it to you on level 1 of the Depths)
 40788 | Depths:1 | Found a gateway to Hell.
 40828 | Depths:1 | Found a one-way gate to the infinite horrors of the Abyss.
 40921 | Depths:1 | Found a one-way gate leading to the halls of Pandemonium.
 40921 | Depths:1 | Gained mutation: You are dopey. (Int -2) [a cacodemon]
 41200 | Depths:1 | Upgraded the game from 0.20-a0-1018-ge435b50 to 0.20-a0-1034-gb277f92
 41273 | Depths:2 | Found Wotzuemu's Weapon Shop.
 41396 | Depths:2 | Received a gift from Okawaru
 43599 | Depths:2 | Identified a +2 pair of boots of running (Okawaru gifted it to you on level 2 of the Depths)
 43663 | Depths:2 | Reached XP level 21. HP: 194/206 MP: 24/27
 43848 | Depths:3 | Received a gift from Okawaru
 43916 | Depths:3 | Got a vibrating ivory amulet
 43944 | Depths:3 | Identified the amulet of Xom's Bemusement {Faith *Drain rElec Str+3 Int+6} (You found it on level 3 of the Depths)
 44178 | Depths:3 | Killed from afar by a crystal guardian

Vault maps used:
D:1:      minmay_arrival_five_plusses
D:3:      kiku_gazebo_pond_becter, portal_sewer_entry_c
D:4:      yredelemnul_forgotten_temple_becter, minitemple, xom_confusion_cloud,
          uniq_natasha
D:5:      minmay_temple_entry_nine_rooms, first_bread
D:7:      gammafunk_temple_overflow_pools, bloody_trog,
          gammafunk_temple_overflow_forgotten, serial_shops, shop_coins
D:8:      nicolae_ru_awakened_eye, zin_academy, lair_entry_dummy
D:10:     hiddenorc1_lemuel
D:12:     special_room, grunt_livestock, serial_bayou_lagoon_b, uniq_psyche,
          uniq_kirke, uniq_rupert, uniq_fannar
D:13:     enter_bailey_8, minmay_liquid_box
D:14:     david_vaults_4, minmay_strange_pillars, corexii_leaking_fountain
D:15:     grunt_enter_depths_magical_seal, minmay_misc_feat_iff, serial_shops,
          bzr_entry_gold, special_room, minmay_misc_feat_x, uniq_josephine
Temple:   jpeg_temple_island
Lair:2:   minmay_swamp_entry_wisps
Lair:3:   eino_small_chamber_without_monster,
          eino_small_chamber_without_monster, grunt_megastairs_3,
          infiniplex_staircase_pool, uniq_gastronok
Lair:4:   guppyfry_snake_entry_island, lab_entry_generic, grunt_megastairs_2,
          uniq_sonja, uniq_harold
Lair:5:   beast_lair_carwin_1, uniq_snorg
Lair:6:   hangedman_lair_in_review, slime_altar_1, columned_hall_lemuel,
          st_stairs_13, worms_lemuel, serial_bayou_shore_b
Swamp:1:  evilmike_swamp_ruin_house_3, uniq_frances
Swamp:2:  evilmike_swamp_ruin_rubble_1, swamp_pool1
Swamp:3:  evilmike_swamp_ruin_house_1, uniq_bai_suzhen
Swamp:4:  swamp_old_school, uniq_jorgrun
Snake:1:  serial_shops, nicolae_shop_stone,
          nicolae_shop_competitors_out_of_business, nicolae_shop_waterfront,
          nicolae_shop_temple_entry_statues_fountains, shop_scrolls,
          spider_trap, serial_bayou_pond_c, serial_bayou_shore_a, uniq_louise
Snake:2:  uniq_agnes, uniq_roxanne
Snake:4:  snake_pit, uniq_vashnia, uniq_mara
Orc:1:    minmay_orc_barracks
Orc:2:    st_orc_congregation, bloody_makhleb
Elf:1:    eino_elf_arrival_shootout, evilmike_minifort
Elf:2:    serial_sigils, serial_sigils_hangedman_quiver,
          serial_sigils_hangedman_shear, serial_sigils_hangedman_writhe,
          small_chamber_with_monster
Elf:3:    minmay_elf_hall_four_x
Depths:1: hell_entry, minmay_fountain_box, rand_demon_pan_entry_4, abyss_entry,
          grunt_megastairs_4
Depths:2: minmay_crescents, serial_shops, nicolae_shop_trees,
          hangedman_coc_ice_floe, hangedman_abyss_entry_splay,
          lightli_enter_wizlab_magi_temple, serial_bayou_shore_b
Depths:3: radiant_caverns_a_rkd, abyss_entry, hell_entry, pan_entry
Bazaar:   bazaar_kb_twisted_cavern
Sewer:    sewer_co_tree
Bailey:   bailey_polearm_1, bailey

Skill      XL: |  1  2  3  4  5  6  7  8  9 10 11 12 13 14 15 16 17 18 19 20 21 |
---------------+----------------------------------------------------------------+-----
Fighting       | 4 5 6 7 8 10 11 12 13 14 15 16 17 18 19 20 21 22 | 22.1
Axes           | 3 4 5 6 8 10 11 12 13 14 15 16 17 | 17.3
Armour         | 4 7 8 10 11 13 14 15 16 18 20 21 22 | 22.3
Shields        | 4 7 9 10 12 13 14 15 16 17 19 20 | 20.7
Polearms       | 2 5 8 9 |  9.0
Evocations     | 4 6 7 9 10 | 10.2
Invocations    | 2 5 8 10 | 10.1

Action                   |  1- 3 |  4- 6 |  7- 9 | 10-12 | 13-15 | 16-18 | 19-21 || total
-------------------------+-------+-------+-------+-------+-------+-------+-------++-------
Melee: War axe           |   107 |   191 |   340 |       |       |       |       ||   638
       Headbutt          |    13 |    30 |    87 |   133 |   283 |   321 |   311 ||  1178
       Spear             |       |       |    40 |   522 |       |       |       ||   562
       Broad axe         |       |       |       |    79 |  1123 |  1353 |  1196 ||  3751
Throw: Throwing net      |       |       |       |     1 |       |       |       ||     1
Invok: Heroism           |       |       |     1 |     1 |     2 |       |       ||     4
       Finesse           |       |       |       |       |       |     1 |     6 ||     7
 Abil: Evoke Flight      |       |       |       |       |     2 |       |     1 ||     3
Evoke: Wand              |       |       |       |       |     9 |       |     1 ||    10
  Use: Potion            |       |     3 |     1 |     2 |     1 |     4 |     1 ||    12
       Scroll            |       |       |    12 |     8 |    14 |    11 |     9 ||    54
 Stab: Petrified         |       |       |       |       |     1 |       |       ||     1
       Distracted        |       |       |       |       |     1 |       |     2 ||     3
  Eat: Chunk             |     1 |     7 |    16 |    19 |    31 |    15 |    20 ||   109
       Bread ration      |       |       |       |     1 |     2 |     3 |     4 ||    10
       Meat ration       |       |       |       |       |       |     2 |       ||     2
Armor: Scale mail        |    42 |    59 |    22 |       |       |       |       ||   123
       Chain mail        |       |       |   128 |   187 |   398 |       |       ||   713
       Plate armour      |       |       |     3 |       |   132 |   627 |   316 ||  1078
Dodge: Dodged            |    31 |    42 |    74 |    98 |   232 |   207 |   116 ||   800
Block: Shield            |    58 |    73 |   144 |   266 |   517 |       |       ||  1058
       Large shield      |       |       |       |       |   277 |  1361 |   865 ||  2503
       Reflection        |       |       |       |       |    25 |   110 |    57 ||   192
